[Event "ICC tourney 2494 (25 5)"]
[Site "Internet Chess Club"]
[Date "2021.04.03"]
[Round "1"]
[White "VORONTSOV, PAVLO:TTU-Vorontsov"]
[Black "BARTEL, MATEUSZ:RIO-Bartel"]
[Result "1/2-1/2"]
[ICCResult "Game drawn by mutual agreement"]
[WhiteElo "2631"]
[BlackElo "2710"]
[Opening "Nimzo-Indian: 4.e3 O-O"]
[ECO "E46"]
[NIC "NI.11"]
[Time "12:48:36"]
[TimeControl "1500+5"]

1. d4 Nf6 2. c4 e6 3. Nc3 Bb4 4. e3 O-O 5. Bd2 d5 6. Nf3 b6 7. a3 Be7 8. b4
dxc4 9. Bxc4 Bb7 10. O-O Nbd7 11. Rb1 a5 12. Qe2 axb4 13. axb4 Ne4 14. Rfc1
Nxd2 15. Nxd2 Nf6 16. Bd3 Nd5 17. Nxd5 Bxd5 18. Rc2 Ra4 19. b5 Bd6
{Game drawn by mutual agreement}
1/2-1/2

[Event "ICC tourney 2494 (25 5)"]
[Site "Internet Chess Club"]
[Date "2021.04.03"]
[Round "1"]
[White "GABUZYAN, HOVHANNES:RIO-Gabuzyan"]
[Black "SOROKIN, ALEKSEY:TTU-Sorokin"]
[Result "0-1"]
[ICCResult "White resigns"]
[WhiteElo "2664"]
[BlackElo "2628"]
[Opening "Réti: King's Indian attack"]
[ECO "A05"]
[NIC "QP.11"]
[Time "12:48:29"]
[TimeControl "1500+5"]

1. Nf3 Nf6 2. g3 g6 3. Bg2 Bg7 4. b3 O-O 5. Bb2 d6 6. d4 c5 7. O-O Nc6 8. d5
Nb4 9. c4 b5 10. a3 Na6 11. cxb5 Nc7 12. a4 Bb7 13. Nfd2 Bxd5 14. e4 Be6 15.
Na3 Qd7 16. Ndc4 Rad8 17. Na5 Bh3 18. Nc6 Bxg2 19. Kxg2 Ra8 20. e5 Nfd5 21.
Nc4 a6 22. Re1 axb5 23. axb5 Rxa1 24. Bxa1 e6 25. exd6 Nxb5 26. N6e5 Qb7 27.
Qf3 Nd4 28. Bxd4 cxd4 29. d7 Bxe5 30. Nxe5 f6 31. Rd1 Rd8 32. Ng4 Rxd7 33.
Rxd4 h5 34. Ne3 Qxb3 35. Qe4 Nxe3+ 36. fxe3 Qb7 37. Qxb7 Rxb7 38. h4 Kf7 39.
e4 Ke7 40. Kf3 Rb3+ 41. Kf2 Ra3 42. Rd1 Ra6 43. Rd2 Rd6 44. Ra2 Rd7 45. Ra6
Rc7 46. Kf3 Rc3+ 47. Kf2 Kd7 48. Ra7+ Rc7 49. Ra6 Ke7 50. Kf3 Kf7 51. Rb6
Ra7 52. Rc6 Ra3+ 53. Kf2 g5 54. Rc7+ Kg6 55. Re7 gxh4 56. gxh4 e5 57. Re8
Rh3 58. Rg8+ Kf7 59. Rg1 Rxh4 60. Kf3 Rf4+ 61. Ke3 h4 62. Rg2 h3 63. Rh2 Rh4
{White resigns}
0-1

[Event "ICC tourney 2494 (25 5)"]
[Site "Internet Chess Club"]
[Date "2021.04.03"]
[Round "1"]
[White "HAKOBYAN, ARAM:WEB-Hakobyan"]
[Black "CHANDRA, AKSHAT:SLU-Chandra"]
[Result "1-0"]
[ICCResult "Black forfeits on time"]
[WhiteElo "2683"]
[BlackElo "2630"]
[Opening "Ruy Lopez: open Berlin defense, l'Hermet variation"]
[ECO "C67"]
[NIC "RL.07"]
[Time "12:49:54"]
[TimeControl "1500+5"]

1. e4 e5 2. Nf3 Nc6 3. Bb5 Nf6 4. O-O Nxe4 5. d4 Nd6 6. dxe5 Nxb5 7. a4 Nbd4
8. Nxd4 d5 9. Nxc6 bxc6 10. Qd3 Qd7 11. Nd2 Be7 12. f4 Qf5 13. Qc3 c5 14.
Nb3 O-O 15. Nxc5 d4 16. Qc4 Rd8 17. b4 Bxc5 18. Qxc5 Bb7 19. Rf2 d3 20. c4
Be4 21. Bd2 h5 22. Re1 Qg6 23. Qxc7 Rdc8 24. Qd7 Rxc4 25. f5 Qc6 26. Qe7 Re8
27. Qxa7 Rxe5 28. b5 Qc8 29. b6 Re8 30. b7 Qb8 31. Qxb8 Rxb8 32. Rf4 Bd5 33.
Re5 Rc2 34. Rxd5 Rxd2 35. Rb4 Kh7 36. h3 Kh6 37. Kh2 Kg5 38. a5 Ra2 39. h4+
Kf6 40. Rb6+ Ke7 41. a6 d2 42. Rc6 {Black forfeits on time} 1-0

[Event "ICC tourney 2494 (25 5)"]
[Site "Internet Chess Club"]
[Date "2021.04.03"]
[Round "1"]
[White "BELOUS, VLADIMIR:RIO-Belous"]
[Black "MATVIISHEN, VIKTOR:TTU-Matviishen"]
[Result "0-1"]
[ICCResult "White resigns"]
[WhiteElo "2620"]
[BlackElo "2564"]
[Opening "QGD semi-Slav"]
[ECO "D43"]
[NIC "SL.03"]
[Time "12:48:25"]
[TimeControl "1500+5"]

1. d4 d5 2. c4 c6 3. Nf3 Nf6 4. Nc3 e6 5. g3 dxc4 6. Bg2 Nbd7 7. O-O b5 8.
e4 Bb7 9. e5 Nd5 10. Ng5 h6 11. Qh5 g6 12. Qh3 Be7 13. Nce4 Kf8 14. f4 Kg7
15. Nxf7 Kxf7 16. f5 exf5 17. g4 f4 18. Bxf4 Kg7 19. Bxh6+ Rxh6 20. Rf7+
Kxf7 21. Qxh6 Qg8 22. Rf1+ Ke8 23. g5 Ne3 24. Re1 Nxg2 25. Kxg2 c5 26. Kg1
Bxe4 27. Rxe4 cxd4 28. Qh3 Qd5 {White resigns} 0-1

[Event "ICC tourney 2494 (25 5)"]
[Site "Internet Chess Club"]
[Date "2021.04.03"]
[Round "1"]
[White "SWIERCZ, DARIUSZ:SLU-Swiercz"]
[Black "BRUZON BATISTA, LAZARO:WEB-Bruzon"]
[Result "1-0"]
[ICCResult "Black forfeits on time"]
[WhiteElo "2733"]
[BlackElo "2725"]
[Opening "Queen's pawn: London system"]
[ECO "A45"]
[NIC "QP.07"]
[Time "12:49:00"]
[TimeControl "1500+5"]

1. d4 Nf6 2. Bf4 e6 3. e3 c5 4. Nd2 cxd4 5. exd4 Be7 6. c3 b6 7. h3 O-O 8.
Ngf3 d6 9. a4 a6 10. Bd3 Bb7 11. O-O Nbd7 12. Re1 Re8 13. Bh2 Bf8 14. Ng5 g6
15. Nge4 Qc7 16. Qf3 Nxe4 17. Bxe4 Bxe4 18. Nxe4 Be7 19. h4 Rac8 20. h5 Qc6
21. Qd3 d5 22. Nd2 b5 23. axb5 axb5 24. hxg6 hxg6 25. Ra7 Bf6 26. Nf3 Red8
27. Qe3 b4 28. cxb4 Qb6 29. Rea1 Qxb4 30. Bc7 Re8 31. Bf4 Nb6 32. Bg5
{Black forfeits on time}
1-0

[Event "ICC tourney 2494 (25 5)"]
[Site "Internet Chess Club"]
[Date "2021.04.03"]
[Round "1"]
[White "KHANIN, SEMEN:TTU-Khanin"]
[Black "DRAGUN, KAMIL:RIO-Dragun"]
[Result "0-1"]
[ICCResult "White resigns"]
[WhiteElo "2557"]
[BlackElo "2611"]
[Opening "Caro-Kann defense"]
[ECO "B10"]
[NIC "CK.01"]
[Time "12:49:14"]
[TimeControl "1500+5"]

1. e4 c6 2. Nf3 d5 3. d3 dxe4 4. dxe4 Qxd1+ 5. Kxd1 Nf6 6. Nbd2 Rg8 7. Ne5
Nbd7 8. Nd3 g5 9. c3 e5 10. Kc2 Nc5 11. f3 Nxd3 12. Bxd3 Be6 13. Bc4 g4 14.
Bxe6 fxe6 15. g3 h5 16. Rf1 h4 17. gxh4 Be7 18. Rg1 O-O-O 19. Nc4 gxf3 20.
Bg5 Rdf8 21. Rgf1 Bd8 22. Nd6+ Kc7 23. Rad1 Ng4 24. Bxd8+ Kxd8 25. Nc4+ Ke7
26. h3 b5 27. hxg4 bxc4 28. g5 Rf4 29. Rd2 Rxh4 30. Rxf3 Rxg5 31. Rdf2 Rg7
32. Re3 Rgg4 33. Ref3 Rf4 34. Kd2 Rxf3 35. Rxf3 Rxe4 36. Rh3 Rg4 37. Rh7+
Kd6 38. Ke3 Rg2 39. Rb7 a5 40. a4 Rh2 41. Ke4 Re2+ 42. Kf3 Re1 43. Ra7 Rb1
44. Rxa5 Rxb2 45. Ra8 Rc2 46. a5 Rxc3+ 47. Ke4 Ra3 48. a6 Kc5 49. a7 Ra1 50.
Ke3 Ra2 51. Ke4 Ra3 52. Re8 Rxa7 53. Rxe6 Rd7 54. Rxe5+ Kb4 55. Re8 c3 56.
Rb8+ Kc4 57. Rc8 c5 {White resigns} 0-1

[Event "ICC tourney 2494 (25 5)"]
[Site "Internet Chess Club"]
[Date "2021.04.03"]
[Round "1"]
[White "THEODOROU, NIKOLAS:SLU-Theodorou"]
[Black "QUESADA PEREZ, YUNIESKY:WEB-Quesada"]
[Result "1-0"]
[ICCResult "Black forfeits on time"]
[WhiteElo "2641"]
[BlackElo "2669"]
[Opening "Réti: King's Indian attack (Barcza system)"]
[ECO "A07"]
[NIC "QP.09"]
[Time "12:48:23"]
[TimeControl "1500+5"]

1. Nf3 d5 2. g3 c6 3. Bg2 Nf6 4. O-O Bf5 5. Nh4 Be4 6. f3 Bg6 7. f4 e6 8. d3
Be7 9. Qe1 Na6 10. a3 Nc5 11. h3 a5 12. Kh2 Nfd7 13. Nd2 Bxh4 14. gxh4 Nf6
15. Nf3 Qc7 16. b3 Ncd7 17. e3 e5 18. Bb2 e4 19. Ne5 exd3 20. cxd3 O-O 21.
Bf3 Nxe5 22. Bxe5 Qe7 23. Qc3 Ne8 24. h5 Bf5 25. Rg1 f6 26. Bd4 Nd6 27. Bc5
Qc7 28. a4 Rf7 29. Ra2 h6 30. Rag2 Kh7 31. Ba3 Re8 32. Qd4 b6 33. e4 c5 34.
Rxg7+ Rxg7 35. Qxf6 Rxg1 36. Kxg1 Re6 37. Qf8 dxe4 38. dxe4 Bxe4 39. Bb2 Re8
40. Bxe4+ Nxe4 41. Qxe8 {Black forfeits on time} 1-0

[Event "ICC tourney 2494 (25 5)"]
[Site "Internet Chess Club"]
[Date "2021.04.03"]
[Round "1"]
[White "GLEDURA, BENJAMIN:WEB-Gledura"]
[Black "BOK, BENJAMIN:SLU-Bok"]
[Result "1/2-1/2"]
[ICCResult "Game drawn by repetition"]
[WhiteElo "2721"]
[BlackElo "2668"]
[Opening "Queen's pawn game, Darooha variation "]
[ECO "D02"]
[NIC "QP.06"]
[Time "12:48:50"]
[TimeControl "1500+5"]

1. d4 Nf6 2. Nf3 d5 3. c4 e6 4. e3 b6 5. b3 Bb7 6. Bb2 Nbd7 7. Nbd2 Be7 8.
Bd3 O-O 9. O-O c5 10. Rc1 Rc8 11. Qe2 cxd4 12. Nxd4 Nc5 13. Bb1 Qd7 14. Rfd1
Rfd8 15. cxd5 Qxd5 16. f3 Qg5 17. Nc4 Nd5 18. f4 Qh6 19. Ne5 Bd6 20. Ndf3
Qh5 21. g4 Qh6 22. Rd4 f6 23. Nc4 Bxf4 24. exf4 Nxf4 25. Qd2 Rxd4 26. Nxd4
Qh3 27. Rc3 Qxg4+ 28. Rg3 Qh4 29. Nf3 Bxf3 30. Rxf3 Nh3+ 31. Kf1 Ng5 32. Rf4
Qh3+ 33. Qg2 Qh5 34. Ne3 Rd8 35. Rg4 Nd3 36. Bc3 g6 37. h4 Nf7 38. Bxf6 Rf8
39. Kg1 Nfe5 40. Bxe5 Qxe5 41. Qe4 Qc3 42. Qxd3 Qe1+ 43. Kh2 Rf2+ 44. Ng2
Rf1 45. Qd8+ Kg7 46. Qc7+ Kg8 47. Qd8+ Kg7 48. Qd4+ Kg8 49. Qd8+ Kg7
{Game drawn by repetition}
1/2-1/2

[Event "ICC tourney 2494 (25 5)"]
[Site "Internet Chess Club"]
[Date "2021.04.03"]
[Round "2"]
[White "BOK, BENJAMIN:SLU-Bok"]
[Black "GABUZYAN, HOVHANNES:RIO-Gabuzyan"]
[Result "1-0"]
[ICCResult "Black resigns"]
[WhiteElo "2668"]
[BlackElo "2664"]
[Opening "King's Indian: fianchetto without c4"]
[ECO "A49"]
[NIC "QP.06"]
[Time "16:00:03"]
[TimeControl "1500+5"]

1. d4 Nf6 2. Nf3 g6 3. g3 Bg7 4. Bg2 O-O 5. c4 Ne4 6. O-O d6 7. Qc2 f5 8.
Nbd2 Nxd2 9. Bxd2 e5 10. dxe5 dxe5 11. Bb4 Re8 12. Rad1 Qf6 13. Bc3 Nc6 14.
b4 Qe7 15. b5 Nd8 16. e4 Nf7 17. Rfe1 a6 18. a4 axb5 19. cxb5 Qc5 20. Rc1
Nd6 21. exf5 Bxf5 22. Qb2 Rxa4 23. Bxe5 Bxe5 24. Nxe5 Qxb5 25. Qxb5 Nxb5 26.
Bxb7 Nd4 27. Rxc7 Ra5 28. f4 g5 29. Rc4 gxf4 30. gxf4 Ne6 31. Nc6 Rb5 32.
Nd4 Rxb7 33. Nxf5 Ng7 34. Rxe8+ Nxe8 35. Kg2 Rb5 36. Ng3 Nd6 37. Rc7 Nf5 38.
Nxf5 Rxf5 39. Kf3 Rh5 40. Kg3 Ra5 41. Kg4 h5+ 42. Kh4 Rf5 43. Kg3 Ra5 44.
Re7 Ra3+ 45. Kh4 Rf3 46. Kg5 Rh3 47. Kg6 Kf8 48. Re2 Rf3 49. f5 Rf1 50. Ra2
Rg1+ 51. Kxh5 Kf7 52. Ra6 Rg2 53. h4 Rg1 54. Rg6 Rf1 55. Kg5 Rg1+ 56. Kh6
Rf1 57. Rg5 Kf6 58. h5 Ra1 59. Rg8 Kxf5 60. Kh7 Kf6 61. h6 Kf7 62. Rg2 Rf1
63. Ra2 Rf6 64. Ra7+ Kf8 65. Ra8+ Kf7 66. Ra1 Kf8 67. Ra8+ Kf7 68. Rb8 Rf1
69. Rb7+ Kf8 70. Kg6 Rg1+ 71. Kf6 Kg8 72. Rg7+ {Black resigns} 1-0

[Event "ICC tourney 2494 (25 5)"]
[Site "Internet Chess Club"]
[Date "2021.04.03"]
[Round "2"]
[White "BARTEL, MATEUSZ:RIO-Bartel"]
[Black "SWIERCZ, DARIUSZ:SLU-Swiercz"]
[Result "1/2-1/2"]
[ICCResult "Game drawn by mutual agreement"]
[WhiteElo "2710"]
[BlackElo "2733"]
[Opening "Sicilian: Nimzovich-Rossolimo attack (without ...d6)"]
[ECO "B30"]
[NIC "SI.31"]
[Time "16:00:09"]
[TimeControl "1500+5"]

1. e4 c5 2. Nf3 Nc6 3. Bb5 e6 4. O-O Nge7 5. c3 a6 6. Ba4 b5 7. Bc2 Bb7 8.
Qe2 d5 9. a4 b4 10. d4 bxc3 11. dxc5 Nb4 12. Nxc3 d4 13. Rd1 Nec6 14. e5
Bxc5 15. Ne4 Be7 16. Bg5 O-O 17. Nd6 Bxg5 18. Nxb7 Qe7 19. Be4 Bh6 20. Nd6
Rad8 21. Nxd4 {Game drawn by mutual agreement} 1/2-1/2

[Event "ICC tourney 2494 (25 5)"]
[Site "Internet Chess Club"]
[Date "2021.04.03"]
[Round "2"]
[White "SOROKIN, ALEKSEY:TTU-Sorokin"]
[Black "GLEDURA, BENJAMIN:WEB-Gledura"]
[Result "0-1"]
[ICCResult "White checkmated"]
[WhiteElo "2628"]
[BlackElo "2721"]
[Opening "Grünfeld: modern exchange variation"]
[ECO "D85"]
[NIC "GI.04"]
[Time "16:00:00"]
[TimeControl "1500+5"]

1. d4 Nf6 2. c4 g6 3. Nc3 d5 4. cxd5 Nxd5 5. e4 Nxc3 6. bxc3 Bg7 7. Nf3 c5
8. Be3 Qa5 9. Qd2 O-O 10. Rc1 Rd8 11. d5 e6 12. Bg5 f6 13. Be3 Nc6 14. Bd3
b6 15. O-O Ba6 16. Be2 Qa4 17. c4 Na5 18. Qd3 Rd7 19. Nd2 f5 20. exf5 gxf5
21. Qb1 exd5 22. Qxf5 Rf8 23. Qh3 dxc4 24. Ne4 Re7 25. Qh4 Re6 26. Rfd1 Bb7
27. Nd6 Bxg2 28. Bd3 cxd3 29. Qxa4 Rg6 30. Qh4 Bf3+ 31. Kf1 Be2+ 32. Ke1
Bc3+ 33. Rxc3 Rg1+ 34. Kd2 Rxd1# {White checkmated} 0-1

[Event "ICC tourney 2494 (25 5)"]
[Site "Internet Chess Club"]
[Date "2021.04.03"]
[Round "2"]
[White "THEODOROU, NIKOLAS:SLU-Theodorou"]
[Black "BELOUS, VLADIMIR:RIO-Belous"]
[Result "1/2-1/2"]
[ICCResult "Game drawn by mutual agreement"]
[WhiteElo "2641"]
[BlackElo "2620"]
[Opening "King's Indian: fianchetto, classical variation, 8.e4"]
[ECO "E68"]
[NIC "KI.64"]
[Time "16:00:00"]
[TimeControl "1500+5"]

1. Nf3 Nf6 2. g3 g6 3. Bg2 Bg7 4. O-O O-O 5. c4 d6 6. d4 Nbd7 7. Nc3 e5 8.
e4 exd4 9. Nxd4 Re8 10. h3 a6 11. Bf4 Ne5 12. b3 Bd7 13. Rc1 Rb8 14. Nf3
Nxf3+ 15. Qxf3 b5 16. cxb5 axb5 17. Bg5 Bc6 18. Nd5 Bxd5 19. exd5 Re5 20. h4
h6 21. Bxf6 Bxf6 22. Bh3 b4 23. Rc4 Kg7 24. Rfc1 Rb7 25. Rf4 Qe7 26. Kg2 Rb5
27. Rfc4 Rc5 28. R1c2 Rexd5 29. Rxc5 Rxc5 30. Rxc5 dxc5 31. Bc8 c4 32. bxc4
Qe5 33. h5 gxh5 34. Bf5 Qd4 35. Bd3 h4 36. Kh3 hxg3 37. fxg3 Be5 38. Qg4+
Kf6 39. Qxd4 Bxd4 40. g4 Ke5 41. Bc2 Kf4 42. Bb3 c5 43. Bc2 Bf6 44. Bb3 Bg5
45. Bc2 Kf3 46. Bh7 Ke3 47. Bc2 Kd4 48. Bb3 h5 49. gxh5 f5 50. Kg2 Ke3 51.
Kf1 f4 52. Bc2 Bh6 53. Bb3 Bg7 54. Bc2 Kf3 55. Bd1+ Kg3 56. Bc2 Kf3 57. Bd1+
Ke3 58. Ba4 f3 59. Bd1 Bh6 60. Ba4 Kd3 61. Bb3 Be3 62. Ke1 Kc3 63. h6 Bxh6
64. Kf2 {Game drawn by mutual agreement} 1/2-1/2

[Event "ICC tourney 2494 (25 5)"]
[Site "Internet Chess Club"]
[Date "2021.04.03"]
[Round "2"]
[White "BRUZON BATISTA, LAZARO:WEB-Bruzon"]
[Black "BARYSHPOLETS, ANDREY:TTU-Baryshpolet"]
[Result "1/2-1/2"]
[ICCResult "Game drawn because neither player has mating material"]
[WhiteElo "2725"]
[BlackElo "2647"]
[Opening "QGD Slav defense: exchange variation"]
[ECO "D10"]
[NIC "SL.01"]
[Time "16:00:26"]
[TimeControl "1500+5"]

1. c4 c6 2. d4 d5 3. cxd5 cxd5 4. Bf4 Nf6 5. Nc3 Nc6 6. e3 a6 7. Bd3 Bg4 8.
Nge2 e6 9. O-O Be7 10. Rc1 O-O 11. Na4 Nd7 12. a3 Rc8 13. Bg3 e5 14. dxe5
Ndxe5 15. Bb1 Nc4 16. Nac3 g6 17. Nxd5 Nxb2 18. Qd2 Bxa3 19. Nef4 Na4 20.
Rc2 Bd6 21. Ba2 Bf5 22. Rcc1 Be5 23. Qe2 Nb6 24. e4 Nxd5 25. exd5 Bxf4 26.
Bxf4 Nb4 27. Bh6 Rxc1 28. Rxc1 Nxa2 29. Qxa2 Re8 30. Qb2 f6 31. Qxb7 Qe7 32.
Qxa6 Qe1+ 33. Rxe1 Rxe1+ 34. Qf1 Rxf1+ 35. Kxf1 Be4 36. d6 Bc6 37. h4 Kf7
38. f3 Ke6 39. Bf4 g5 40. hxg5 fxg5 41. Bxg5 Kxd6 42. Kf2 Ke6 43. g4 Kf7 44.
Kg3 Kg6 45. Be3 h5 46. Kh4 Bxf3 47. gxh5+ Bxh5
{Game drawn because neither player has mating material}
1/2-1/2

[Event "ICC tourney 2494 (25 5)"]
[Site "Internet Chess Club"]
[Date "2021.04.03"]
[Round "2"]
[White "HAKOBYAN, ARAM:WEB-Hakobyan"]
[Black "KHANIN, SEMEN:TTU-Khanin"]
[Result "1/2-1/2"]
[ICCResult "Game drawn by repetition"]
[WhiteElo "2683"]
[BlackElo "2557"]
[Opening "Ruy Lopez: open Berlin defense, l'Hermet variation"]
[ECO "C67"]
[NIC "RL.07"]
[Time "16:00:02"]
[TimeControl "1500+5"]

1. e4 e5 2. Nf3 Nc6 3. Bb5 Nf6 4. O-O Nxe4 5. d4 Nd6 6. dxe5 Nxb5 7. a4 Nbd4
8. Nxd4 d5 9. Nxc6 bxc6 10. Qd3 Qd7 11. Nd2 Be7 12. f4 a5 13. Qc3 c5 14. f5
f6 15. e6 Qc6 16. Qh3 h5 17. Nb3 d4 18. Bd2 Qd5 19. Qg3 g5 20. Nxa5 Bd6 21.
Qf3 Qxf3 22. Rxf3 Ba6 23. b3 h4 24. Nc4 Bb7 25. Rf2 Ke7 26. b4 Bd5 27. Nxd6
cxd6 28. c3 d3 29. Be3 cxb4 30. cxb4 h3 31. g3 Rhc8 32. b5 Rc4 33. a5 Rb4
34. b6 Bg2 35. Rfa2 Bd5 36. Rd2 Bc4 37. Kf2 Rb5 38. g4 Rb4 39. Bd4 Ba6 40.
Ke3 Rc8 41. Ra3 Rc1 42. Rc3 Re1+ 43. Kf2 Rh1 44. Rc7+ Ke8 45. Bxf6 Rf4+ 46.
Kg3 Rg1+ 47. Rg2 Rxg2+ 48. Kxh3 Rgf2 49. Re7+ Kf8 50. Rf7+ Ke8 51. Re7+ Kf8
52. Rf7+ Ke8 53. Re7+ Kf8 54. Rf7+ Ke8 55. Re7+ {Game drawn by repetition}
1/2-1/2

[Event "ICC tourney 2494 (25 5)"]
[Site "Internet Chess Club"]
[Date "2021.04.03"]
[Round "2"]
[White "DRAGUN, KAMIL:RIO-Dragun"]
[Black "IPATOV, ALEXANDER:SLU-Ipatov"]
[Result "1-0"]
[ICCResult "Black resigns"]
[WhiteElo "2611"]
[BlackElo "2714"]
[Opening "Réti opening"]
[ECO "A05"]
[NIC "QP.11"]
[Time "16:00:02"]
[TimeControl "1500+5"]

1. Nf3 Nf6 2. g3 b6 3. Bg2 Bb7 4. O-O g6 5. c4 Bg7 6. Nc3 O-O 7. Re1 Ne4 8.
Nxe4 Bxe4 9. d3 Bb7 10. e4 c5 11. d4 cxd4 12. Nxd4 Nc6 13. Be3 Rc8 14. b3
Nxd4 15. Bxd4 Bxd4 16. Qxd4 d6 17. Rad1 Qc7 18. h4 Qc5 19. Qxc5 Rxc5 20. e5
Bxg2 21. Kxg2 Rd8 22. exd6 Rxd6 23. Rxd6 exd6 24. Re7 a6 25. Ra7 b5 26. Rxa6
bxc4 27. Rxd6 cxb3 28. axb3 Rc3 29. b4 Rb3 30. Rd4 Kg7 31. g4 Kf6 32. Rf4+
Ke6 33. g5 f5 34. gxf6 Kf7 35. f3 h6 36. Kg3 Rb1 37. Rc4 Kxf6 38. Rc6+ Kg7
39. Rc4 Kf6 40. Kf4 g5+ 41. hxg5+ hxg5+ 42. Ke4 Ke6 43. Rc6+ Kd7 44. Rb6 Kc7
45. Rb5 Kc6 46. Rxg5 Rxb4+ 47. Kf5 Kd7 48. Kf6 Rf4+ 49. Rf5 Ra4 50. Kf7 Kd6
51. f4 Rb4 52. Kf6 Rb8 53. Kg7 Rb4 54. Rf8 Ke7 55. Rf7+ Ke6 56. Rf6+ Ke7 57.
f5 Rg4+ 58. Rg6 Rf4 59. f6+ Ke6 60. Rg1 {Black resigns} 1-0

[Event "ICC tourney 2494 (25 5)"]
[Site "Internet Chess Club"]
[Date "2021.04.03"]
[Round "2"]
[White "MATVIISHEN, VIKTOR:TTU-Matviishen"]
[Black "CORDOVA DAZA, EMILIO:WEB-Cordova"]
[Result "1/2-1/2"]
[ICCResult "Game drawn because neither player has mating material"]
[WhiteElo "2564"]
[BlackElo "2655"]
[Opening "Benoni: fianchetto variation"]
[ECO "A62"]
[NIC "BI.23"]
[Time "16:00:17"]
[TimeControl "1500+5"]

1. d4 Nf6 2. c4 e6 3. g3 c5 4. d5 exd5 5. cxd5 d6 6. Nc3 g6 7. Bg2 Bg7 8.
Nf3 O-O 9. O-O Re8 10. Bf4 Na6 11. Re1 Bg4 12. h3 Bxf3 13. Bxf3 Nd7 14. Bg2
Ne5 15. Ne4 h6 16. h4 Rc8 17. Rc1 b5 18. a4 bxa4 19. Qxa4 Nb4 20. Nd2 Rc7
21. Bxe5 Bxe5 22. Nc4 Rce7 23. Rcd1 Bg7 24. e3 f5 25. Na5 Bxb2 26. Nc6 Qd7
27. Nxe7+ Qxe7 28. e4 f4 29. gxf4 Rf8 30. e5 Qxh4 31. Qb3 Bd4 32. Rxd4 cxd4
33. Qxb4 Qxf4 34. Re2 dxe5 35. d6 Qf6 36. d7 Rd8 37. Qb5 Qd6 38. Rxe5 Qxd7
39. Qc4+ Kf8 40. Rd5 Qe7 41. Qxd4 Qe1+ 42. Kh2 Rxd5 43. Qf6+ Ke8 44. Bxd5
Qe7 45. Qxg6+ Kd8 46. Be6 Qd6+ 47. Kh3 Qf4 48. Qf7 Qxf7 49. Bxf7 Ke7 50. Bb3
Kf6 51. Kg4 a5 52. Bc2 Ke5 53. f4+ Kf6 54. Bb3 Kg6 55. Bc2+ Kf6 56. Kh4 Kf7
57. Kh5 Kg7 58. f5 Kf6 59. Kg4 Ke5 60. Bb3 Kf6 61. Kf4 h5 62. Bc2 h4 63. Kg4
h3 64. Kxh3 Kg5 65. Kg3 a4 66. Kf3 a3 67. Bb3 Kxf5 68. Ke3 a2 69. Bxa2
{Game drawn because neither player has mating material}
1/2-1/2

[Event "ICC tourney 2494 (25 5)"]
[Site "Internet Chess Club"]
[Date "2021.04.03"]
[Round "3"]
[White "IPATOV, ALEXANDER:SLU-Ipatov"]
[Black "KHANIN, SEMEN:TTU-Khanin"]
[Result "1/2-1/2"]
[ICCResult "Game drawn by repetition"]
[WhiteElo "2714"]
[BlackElo "2557"]
[Opening "Benoni: fianchetto variation"]
[ECO "A62"]
[NIC "BI.23"]
[Time "19:00:08"]
[TimeControl "1500+5"]

1. d4 Nf6 2. c4 e6 3. g3 c5 4. d5 exd5 5. cxd5 d6 6. Nc3 g6 7. Bg2 Bg7 8.
Nf3 O-O 9. O-O Re8 10. Bf4 h6 11. Re1 g5 12. Bc1 Bf5 13. h4 g4 14. Nd2 Nbd7
15. e4 Bg6 16. Nc4 Nb6 17. Nd2 Nbd7 18. Nc4 Nb6 19. Nd2 Nbd7
{Game drawn by repetition}
1/2-1/2

[Event "ICC tourney 2494 (25 5)"]
[Site "Internet Chess Club"]
[Date "2021.04.03"]
[Round "3"]
[White "BARTEL, MATEUSZ:RIO-Bartel"]
[Black "BRUZON BATISTA, LAZARO:WEB-Bruzon"]
[Result "1/2-1/2"]
[ICCResult "Game drawn by mutual agreement"]
[WhiteElo "2710"]
[BlackElo "2725"]
[Opening "Ruy Lopez: Classical defense deferred"]
[ECO "C70"]
[NIC "RL.09"]
[Time "19:00:10"]
[TimeControl "1500+5"]

1. e4 e5 2. Nf3 Nc6 3. Bb5 a6 4. Ba4 Bc5 5. d3 Nge7 6. Nc3 d6 7. a3 O-O 8.
h3 Kh8 9. Be3 Nd4 10. Bxd4 Bxd4 11. Nxd4 exd4 12. Ne2 c5 13. Bb3 f5 14. Qd2
fxe4 15. dxe4 d5 16. exd5 Nxd5 17. O-O Be6 18. c3 dxc3 19. Nxc3 Nf4 20. Qxd8
Raxd8 21. Bxe6 Nxe6 {Game drawn by mutual agreement} 1/2-1/2

[Event "ICC tourney 2494 (25 5)"]
[Site "Internet Chess Club"]
[Date "2021.04.03"]
[Round "3"]
[White "GLEDURA, BENJAMIN:WEB-Gledura"]
[Black "GABUZYAN, HOVHANNES:RIO-Gabuzyan"]
[Result "0-1"]
[ICCResult "White resigns"]
[WhiteElo "2721"]
[BlackElo "2664"]
[Opening "King's Indian: fianchetto, classical variation, 8.e4"]
[ECO "E68"]
[NIC "KI.64"]
[Time "19:00:09"]
[TimeControl "1500+5"]

1. d4 Nf6 2. Nf3 g6 3. g3 Bg7 4. Bg2 O-O 5. c4 d6 6. Nc3 Nbd7 7. O-O e5 8.
e4 Re8 9. d5 Nc5 10. Qc2 a5 11. Be3 Ng4 12. Bg5 f6 13. Bd2 f5 14. Ne1 Rf8
15. Nd3 b6 16. Nxc5 bxc5 17. f3 Nf6 18. a4 f4 19. Nb5 fxg3 20. hxg3 Nh5 21.
Be1 Bh6 22. Kh2 Rf7 23. Ra3 Qf8 24. Rh1 Bg5 25. Kg1 Qh6 26. Qe2 Qf8 27. Bh3
Bxh3 28. Rxh3 Qe7 29. Rb3 Qd7 30. Kg2 Nf6 31. Bc3 h5 32. Qe1 Ng4 33. Bd2
Bxd2 34. Qxd2 Nf6 35. Qg5 Kg7 36. Rh4 Raf8 37. Qd2 Nh7 38. Qxa5 Ng5 39. f4
Nxe4 40. Qe1 exf4 41. Qxe4 f3+ 42. Kf1 Re8 43. Qc2 f2 44. Rf4 Qh3+
{White resigns}
0-1

[Event "ICC tourney 2494 (25 5)"]
[Site "Internet Chess Club"]
[Date "2021.04.03"]
[Round "3"]
[White "SWIERCZ, DARIUSZ:SLU-Swiercz"]
[Black "BARYSHPOLETS, ANDREY:TTU-Baryshpolet"]
[Result "1-0"]
[ICCResult "Black forfeits on time"]
[WhiteElo "2733"]
[BlackElo "2647"]
[Opening "Queen's bishop game"]
[ECO "D02"]
[NIC "QP.08"]
[Time "19:00:09"]
[TimeControl "1500+5"]

1. d4 d5 2. Nf3 Nf6 3. Bf4 c5 4. e3 Nc6 5. Nbd2 cxd4 6. exd4 Bf5 7. Bb5 Qb6
8. c4 dxc4 9. a4 Bd3 10. Ne5 e6 11. Ndxc4 Bb4+ 12. Bd2 Bxc4 13. Nxc4 Bxd2+
14. Qxd2 Qd8 15. Ne5 O-O 16. Nxc6 bxc6 17. Bxc6 Rc8 18. Bf3 Qb6 19. O-O Rfd8
20. Rfc1 Rb8 21. a5 Qxb2 22. Qxb2 Rxb2 23. Rc7 a6 24. Ra7 Rdb8 25. h4 Rb1+
26. Rxb1 Rxb1+ 27. Kh2 g6 28. Rxa6 Ra1 29. Ra8+ Kg7 30. a6 h5 31. Kg3 Ra4
32. Bc6 Rxd4 33. a7 Rd3+ 34. Kf4 Ra3 35. Ke5 Nd5 36. Kd6 Ra6 37. Kc5
{Black forfeits on time}
1-0

[Event "ICC tourney 2494 (25 5)"]
[Site "Internet Chess Club"]
[Date "2021.04.03"]
[Round "3"]
[White "LENDERMAN, ALEKSANDR:WEB-Lenderman"]
[Black "BELOUS, VLADIMIR:RIO-Belous"]
[Result "0-1"]
[ICCResult "White resigns"]
[WhiteElo "2704"]
[BlackElo "2620"]
[Opening "King's Indian: fianchetto, classical variation, 8.e4"]
[ECO "E68"]
[NIC "KI.64"]
[Time "19:00:06"]
[TimeControl "1500+5"]

1. d4 Nf6 2. c4 g6 3. g3 Bg7 4. Bg2 O-O 5. Nc3 d6 6. Nf3 Nbd7 7. O-O e5 8.
e4 exd4 9. Nxd4 Re8 10. h3 a6 11. Be3 Rb8 12. a4 Nc5 13. Qc2 a5 14. Rad1 Bd7
15. Rfe1 Qe7 16. Ndb5 Bxb5 17. axb5 b6 18. Bg5 Qe6 19. b3 h6 20. Bc1 Kh7 21.
Bb2 Rbc8 22. f4 Nh5 23. Kh2 f5 24. Bf3 Nf6 25. e5 dxe5 26. Rxe5 Qf7 27. Rde1
Nfe4 28. Rxe8 Rxe8 29. Bg2 Nxg3 30. Rxe8 Qxe8 31. Nd5 Qe2 32. Qxe2 Nxe2 33.
Ba3 Nxf4 34. Nxc7 Nxb3 35. Bd6 Nd3 36. Nd5 Be5+ 37. Bxe5 Nxe5 38. Nxb6 Nc5
39. Bf1 a4 40. Nd5 a3 41. Nb4 f4 42. Na2 g5 43. Kg2 Kg6 44. Be2 h5 45. Bd1
g4 46. h4 Nxc4 47. Bc2+ Kf6 48. Kf2 Nd6 49. b6 Nc4 50. Nb4 Nxb6 51. Bb1 Ke5
52. Nc2 Ne4+ 53. Kg1 Nc4 54. Ba2 Ned2 55. Kf2 Ke4 56. Ke2 f3+ 57. Kf2 Kf4
58. Bxc4 Nxc4 59. Nb4 g3+ 60. Kg1 Kg4 61. Nc2 a2 62. Na1 Ne3 {White resigns}
0-1